Workbook

Sheet Transactions
A1: Date | B1: Amount ($) | C1: Transaction Details | D1: Category in my chart of accounts | F1: My Chart of Accounts
A2: 44000 | B2: 609.33 | C2: Income - salary sacrifice | D2: 1-1 Income - Salary and wages | F2: 1 - Revenue
A3: 44000 | B3: -64 | C3: Direct debit - Ergon | D3: 2-1 Household expense | F3: =D2 -> 1-1 Income - Salary and wages
A4: 44001 | B4: -600 | C4: Transfer - Home loan | D4: 2-2 Expense - Loan
A5: 44004 | B5: -288.97 | C5: Payment to Gem Visa | D5: 2-3 General Living Expense | F5: 2 - Expenses
A6: 44005 | B6: 743.04 | C6: Income - Salary from ABC | D6: 1-1 Income - Salary and wages | F6: =D3 -> 2-1 Household expense
A7: 44005 | B7: -45.27 | C7: Payment to RACQ car insurance | D7: 2-4 Insurance Expense | F7: =D4 -> 2-2 Expense - Loan
A8: 44005 | B8: -50 | C8: Transfer - School fees | D8: 2-5 School Expense | F8: =D5 -> 2-3 General Living Expense
A9: 44005 | B9: -893 | C9: Transfer - Credit Card | D9: 2-3 General Living Expense | F9: =D7 -> 2-4 Insurance Expense
A10: 44006 | B10: -141 | C10: Direct Debit - Health Insurance | D10: 2-4 Insurance Expense | F10: =D8 -> 2-5 School Expense
A11: 44011 | B11: 649 | C11: Income - Salary from ABC | D11: 1-1 Income - Salary and wages | F11: =D28 -> 2-7 Phone/Internet Expense
A12: 44011 | B12: -54.77 | C12: Payment to RACQ car insurance | D12: 2-4 Insurance Expense
A13: 44011 | B13: -168.38 | C13: Payment to RACQ home insurance | D13: 2-4 Insurance Expense | F13: 3 - Assets
A14: 44012 | B14: 1174.39 | C14: Income - Salary from EFG | D14: 1-1 Income - Salary and wages | F14: 3-1 - Cash at bank
A15: 44012 | B15: -50 | C15: Transfer - School fees | D15: 2-5 School Expense | F15: 4 - Liabilities
A16: 44012 | B16: -200 | C16: Payment to Council Rates | D16: 2-1 Household expense | F16: 5- Equity
A17: 44012 | B17: -600 | C17: Transfer - Home loan | D17: 2-2 Expense - Loan
A18: 44014 | B18: 611.53 | C18: Income - salary sacrifice | D18: 1-1 Income - Salary and wages
A19: 44014 | B19: -64 | C19: Direct debit - Ergon | D19: 2-1 Household expense
A20: 44015 | B20: -780 | C20: Payment to Car Registration | D20: 2-6 Car Expense
A21: 44015 | B21: -363.46 | C21: Payment - Credit Card | D21: 2-3 General Living Expense
A22: 44019 | B22: 803.73 | C22: Income - Salary from ABC | D22: 1-1 Income - Salary and wages
A23: 44019 | B23: -50 | C23: Transfer - School fees | D23: 2-5 School Expense
A24: 44020 | B24: -141 | C24: Direct Debit - Health Insurance | D24: 2-4 Insurance Expense
A25: 44026 | B25: 703.61 | C25: Income - Salary from ABC | D25: 1-1 Income - Salary and wages
A26: 44026 | B26: 1174.39 | C26: Income - Salary from EFG | D26: 1-1 Income - Salary and wages
A27: 44026 | B27: -250 | C27: Payment - Credit Card | D27: 2-3 General Living Expense
A28: 44027 | B28: -85 | C28: Payment - Internet | D28: 2-7 Phone/Internet Expense
... A36: 44029 | B36: -288.2 | C36: Payment to Lattitude (boat) | D36: 2-2 Expense - Loan
D38: {=D6:D38} -> 0

Sheet PL
A1: Melissa Sergiacomi
A2: Income Statement
A3: For the period 18th June 2020 til 17th July 2020
A5: INCOME | B5: $
A6: =Transactions!D2 -> 1-1 Income - Salary and wages | B6: =Transactions!B2+Transactions!B6+Transactions!B11+Transactions!B14+Transactions!B18+Transactions!B22+Transactions!B25+Transactions!B26+Transactions!B31 -> 7080.55 | C6: =B6/$B$8 -> 1
A8: TOTAL INCOME | B8: =SUM(B6) -> 7080.55 | C8: =B8/$B$8 -> 1
A10: EXPENSE | B10: $
A11: =Transactions!D3 -> 2-1 Household expense | B11: =Transactions!B3+Transactions!B16+Transactions!B19+Transactions!B32+Transactions!B35 -> -579 | C11: =-B11/$B$8 -> 0.081773309
A12: =Transactions!D4 -> 2-2 Expense - Loan | B12: =Transactions!B4+Transactions!B17+Transactions!B30+Transactions!B36 -> -2088.2 | C12: =-B12/$B$8 -> 0.29492059
A13: =Transactions!D5 -> 2-3 General Living Expense | B13: =Transactions!B5+Transactions!B9+Transactions!B21+Transactions!B27+Transactions!B29+Transactions!B33 -> -2288.43 | C13: =-B13/$B$8 -> 0.32319947
A14: =Transactions!D7 -> 2-4 Insurance Expense | B14: =Transactions!B7+Transactions!B10+Transactions!B12+Transactions!B13+Transactions!B24 -> -550.42 | C14: =-B14/$B$8 -> 0.077736899
A15: =Transactions!D8 -> 2-5 School Expense | B15: =Transactions!B8+Transactions!B15+Transactions!B23 -> -150 | C15: =-B15/$B$8 -> 0.021184795
A16: =Transactions!D20 -> 2-6 Car Expense | B16: =Transactions!B20 -> -780 | C16: =-B16/$B$8 -> 0.11016093
A17: =Transactions!D28 -> 2-7 Phone/Internet Expense | B17: =Transactions!B28+Transactions!B34 -> -248 | C17: =-B17/$B$8 -> 0.035025528
A18: TOTAL EXPENSES | B18: =SUM(B11:B17) -> -6684.05 | C18: =-B18/$B$8 -> 0.94400153
A20: Profit / (Loss) for the period | B20: =B8+B18 -> 396.5 | C20: =B20/B8 -> 0.055998475
